 Dungeon Crawl Stone Soup version 0.29.1-14-g9c671dbff4 (webtiles) character file.

Game seed: 18200999551990486532

1099 Wobber the Changer (level 8, -15/51 HPs)
             Began as an Octopode Transmuter on Feb 14, 2023.
             Demolished by an ogre
             ... wielding a +0 giant spiked club
              (26 damage)
             ... on level 5 of the Dungeon.
             The game lasted 00:12:43 (5516 turns).

Wobber the Changer (Octopode Transmuter)            Turns: 5516, Time: 00:12:44

Health: -15/51     AC:  1    Str: 16    XL:     8   Next: 32%
Magic:  12/12      EV: 13    Int: 17    God:
Gold:   186        SH:  0    Dex: 12    Spells: 8/12 levels left

rFire   . . .      SeeInvis .     - Unarmed
rCold   . . .      Faith    .   (no shield)
rNeg    . . .      Spirit   .   (helmet currently unavailable)
rPois   .          Reflect  .   l - amulet of magic regeneration
rElec   .          Harm     .   n - +6 ring of strength
rCorr   .          Rampage  .   (no ring)
Will    .....                   (no ring)
Stlth   +++.......              (no ring)
HPRegen 0.17/turn               (no ring)
MPRegen 0.53/turn               (no ring)
                                (no ring)
                                (no ring)

@: appendages, marked
A: tentacle spike 3, almost no armour, amphibious, 8 rings, camouflage 1,
gelatinous body 1, (nimble swimmer 1), tentacles
a: End Transformation


You were on level 5 of the Dungeon.
One of your tentacles had grown a beastly spike.
You visited 1 branch of the dungeon, and saw 5 of its levels.
You also visited: Ossuary.

You collected 186 gold pieces.

Inventory:

Hand Weapons
 a - a +0 sling
Missiles
 e - 54 stones
 y - 2 javelins
Armour
 p - a +0 kite shield
Magical Staves
 f - a staff of conjuration
 k - a staff of death
Jewellery
 l - an amulet of magic regeneration (around mantle)
 m - a ring of fire
 n - a +6 ring of strength (left tentacle)
Scrolls
 b - 6 scrolls of teleportation
 c - a scroll of blinking
 d - a scroll of acquirement {unknown}
 i - 2 scrolls of amnesia {unknown}
 j - a scroll of brand weapon {unknown}
 s - a scroll of summoning {unknown}
 x - a scroll of magic mapping {unknown}
 z - 3 scrolls of identify
 C - a scroll of poison {unknown}
Potions
 g - a potion of brilliance
 h - a potion of cancellation
 o - 2 potions of haste
 q - a potion of berserk rage {unknown}
 r - a potion of lignification
 t - 5 potions of curing
 u - 2 potions of flight {unknown}
 v - 2 potions of attraction {unknown}
 w - a potion of heal wounds {unknown}
 A - a potion of mutation {unknown}
 B - 4 potions of magic {unknown}


   Skills:
 + Level 2.5 Fighting
 + Level 3.1 Dodging
 + Level 3.2 Stealth
 + Level 3.9 Unarmed Combat
 + Level 2.8 Spellcasting
 + Level 6.3 Transmutations
 - Level 5.4 Poison Magic


You had 8 spell levels left.
You knew the following spells:

 Your Spells              Type           Power      Damage    Failure   Level
a - Beastly Appendage     Tmut           48%        N/A       1%          1
b - Spider Form           Tmut/Pois      22%        N/A       4%          3

Your spell library contained the following spells:

 Spells                   Type           Power      Damage    Failure   Level
 Wereblood                Tmut           24%        N/A       1%          2
 Ice Form                 Ice/Tmut       13%        N/A       43%         4
 Call Canine Familiar     Summ           2%         N/A       47%         3
 Portal Projectile        Hex/Tloc       4%         N/A       47%         3
 Leda's Liquefaction      Hex/Erth       1%         N/A       87%         4


Dungeon Overview and Level Annotations

Branches:
Dungeon (4/15)            Ossuary (visited)
 Temple: D:4-7

Altars:
Kikubaaqudgha
Okawaru
Wu Jian


Innate Abilities, Weirdness & Mutations

One of your tentacles has grown a beastly spike.
You cannot wear most types of armour.
You are amphibious.
You can wear up to eight rings at the same time.
Your skin changes colour to match your surroundings (Stealth+).
Your rubbery body absorbs attacks. (AC +1, EV +1)
((You are camouflaged when in or above water. (Stealth+)))
You have tentacles for arms and can constrict up to eight enemies at once.


Message History

A sentinel's mark forms upon you. The hound closely misses you.
You hear a shout!
The ogre attacks as you move away! The ogre closely misses you.
You hit the hound.
The hound is poisoned.
The hound is lightly wounded.
The hound bites you.
You hit the hound.
The hound looks as sick as possible!
The hound is moderately wounded.
The hound barely misses you. The hound closely misses you.
You barely miss the hound.
The hound is severely wounded.
Your transformation is almost over.
The hound misses you.
You hit the hound.
You kill the hound!
You barely miss the ogre. You completely miss the ogre.
The ogre closely misses you.
You hit the ogre.
The ogre is lightly wounded.
The ogre hits you with a +0 giant spiked club!!
You hit the ogre.
The ogre is poisoned.
The ogre is moderately wounded.
You hit the ogre.
The ogre is heavily wounded.
The ogre closely misses you. The ogre attacks as you move away!
The ogre hits you with a +0 giant spiked club!
* * * LOW HITPOINT WARNING * * *
Your transformation has ended.
A scorpion comes into view.
You are too injured to fight recklessly!
Casting: Spider Form (dangerous; 4% risk of failure)
Confirm with . or Enter, or press ? or * to list all spells.
One of your tentacles grows a vicious spike.
You closely miss the ogre.
The ogre is almost dead.
The ogre hits you with a +0 giant spiked club!!
Ouch! That really hurt!
You die...

#### ...# †#.###
.#...# .###.# #####
.# #.# #..># .###.#
#.#.# .#...#
#######.#@## .#.#.#
#....†..#O.###
.#.#####.#######...[#
.#.......# #.##.##
.############
#.##..### .# #.. ..#
#.###...# .# #.# #.#
#s#####.## .####.#
#.# #..####..###
...##.# #.#
##....†....##


You could see an ogre (poisoned) and a scorpion.

Vanquished Creatures
  An ogre (D:5)
  2 elf zombies (Ossuary)
  3 scorpions
  A necrophage (D:4)
  5 centaur zombies (Ossuary)
  4 hounds
  An orc priest (D:3)
  5 human zombies (Ossuary)
  An iguana (D:5)
  3 mummies (Ossuary)
  3 adders
  3 worms
  2 dart slugs (D:2)
  12 orcs
  3 endoplasms
  2 giant cockroaches (D:2)
  4 goblins
  4 hobgoblins
  4 jackals
  3 kobolds
  8 quokkas
  4 ball pythons
  5 bats
  A frilled lizard (D:2)
  8 rats
92 creatures vanquished.

Notes
Turn   | Place    | Note
-------+----------+-------------------------------------------
     0 | D:1      | Wobber the Octopode Transmuter began the quest for the Orb.
     0 | D:1      | Reached XP level 1. HP: 13/13 MP: 3/3
   332 | D:1      | Reached XP level 2. HP: 15/18 MP: 3/5
   680 | D:1      | Reached skill level 3 in Transmutations
  1435 | D:2      | Found a faded altar of an unknown god.
  1443 | D:2      | Reached XP level 3. HP: 23/23 MP: 4/6
  1453 | D:1      | Learned a level 3 spell: Spider Form
  1777 | D:2      | Reached skill level 1 in Poison Magic
  2409 | D:2      | Reached XP level 4. HP: 28/28 MP: 7/7
  2467 | D:3      | Found an iron altar of Okawaru.
  2624 | D:3      | Reached skill level 4 in Transmutations
  2752 | D:3      | Found an ancient bone altar of Kikubaaqudgha.
  2893 | D:3      | Reached XP level 5. HP: 18/33 MP: 8/8
  3224 | D:3      | Found an ornate altar of the Wu Jian Council.
  3480 | D:4      | Found a sand-covered staircase.
  3502 | Ossuary  | Entered an ossuary
  3560 | Ossuary  | Reached skill level 5 in Transmutations
  3560 | Ossuary  | Reached XP level 6. HP: 28/38 MP: 9/9
  3859 | Ossuary  | Reached skill level 5 in Poison Magic
  4028 | Ossuary  | Reached XP level 7. HP: 35/43 MP: 10/10
  4175 | Ossuary  | Reached skill level 1 in Stealth
  4175 | Ossuary  | Reached skill level 6 in Transmutations
  4973 | D:4      | You fall into a shaft and drop 1 floor!
  4973 | D:5      | Entered Level 5 of the Dungeon
  5067 | D:5      | Reached XP level 8. HP: 27/50 MP: 11/11
  5516 | D:5      | Demolished by an ogre

Illustrated notes

Levels and vault maps discovered:
D:1:      roderic_chinese_lattice_arrival, layout_loops_corners
D:2:      minmay_spotlight, layout_basic, nicolae_ecumenical_pavilion
D:3:      layout_basic, mainiacjoe_overflow_brackets,
          mainiacjoe_overflow_alcove_1, mainiacjoe_overflow_cross_hatched,
          dk_noncrumbling_3
D:4:      layout_cave_pools, enter_ossuary_5
D:5:      layout_basic, makhleb_altar_promises_db

Skill      XL: |  1  2  3  4  5  6  7  8 |
---------------+-------------------------+-----
Transmutations | 3 4 5 6 |  6.3
Poison Magic   | 1 2 4 5 |  5.4
Stealth        | 2 3 |  3.2
Fighting       | 2 |  2.5
Dodging        | 3 |  3.1
Unarmed Combat | |  3.9
Spellcasting   | |  2.8

Action                   |  1- 3 |  4- 6 |  7- 9 || total
-------------------------+-------+-------+-------++-------
Melee: Unarmed           |    69 |    94 |    97 ||   260
       Kick              |    31 |    47 |    40 ||   118
       Constrict         |    20 |    16 |    15 ||    51
       Tentacles         |    13 |    20 |    25 ||    58
       Punch             |     1 |     1 |     1 ||     3
 Fire: Sling             |     5 |    18 |    14 ||    37
 Cast: Beastly Appendage |    27 |    15 |    11 ||    53
       Spider Form       |       |       |     2 ||     2
  Use: Scroll            |       |     7 |       ||     7
       Potion            |       |     2 |       ||     2
 Stab: Sleeping          |     7 |     1 |     2 ||    10
Armor: Skin              |       |    17 |     7 ||    24
Dodge: Dodged            |    41 |    62 |    61 ||   164
